Map: Gresvan LE

Players

HeroMarine - Winner!

  • Race: Terran Terran
  • Spawn Location: 5:00

DnS

  • Race: Protoss Protoss
  • Spawn Location: 11:00

Event: ESL SC2 Masters 2023 Summer (Finals)

VOD

Have the link to the VOD?

Description

Time

  • Played on: June 16, 2023, 6:11 a.m.
  • Length: 8:16

All games in this series

Show
View Real Time Build Order
Export as new Build Order

HeroMarine Terran - Winner!

Build Orders: Reaper Expand 

Get SALT Encoding   

  12  0:00  SCV  
  13  0:12  SCV  
  14  0:17  Supply Depot  
  14  0:24  SCV  
  15  0:38  SCV  
  15  0:39  Barracks  
  16  0:43  Refinery  
  16  0:50  SCV  
  17  1:03  SCV  
  18  1:15  SCV  
  19  1:26  Reaper  
  19  1:27  Orbital Command  
  20  1:41  Command Center  
  20  1:49  Supply Depot  
  20  1:52  SCV  
  21  1:58  Marine  
  22  2:04  SCV  
  22  2:08  Factory  
  23  2:16  Marine, SCV  
  23  2:18  Refinery  
  23  2:22  Bunker  
  25  2:28  SCV  
  26  2:35  Barracks Reactor  
  26  2:40  SCV  
  27  2:53  Orbital Command, SCV  
  27  2:57  Starport, Hellion  
  30  3:05  SCV  
  31  3:12  Marine x2  
  33  3:17  SCV  
  33  3:18  Widow Mine, SCV  
  37  3:29  Marine  
  37  3:30  Marine, SCV  
  37  3:31  SCV  
  37  3:34  Medivac, Supply Depot  
  41  3:40  Widow Mine  
  45  3:42  SCV  
  46  3:49  Supply Depot  
  46  3:55  Marine x2, SCV x2  
  49  4:03  Factory Tech Lab  
  49  4:06  Starport Tech Lab  
  49  4:07  SCV x2  
  51  4:13  Marine x2  
  52  4:18  Supply Depot  
  52  4:19  SCV x2  
  52  4:20  Barracks  
  52  4:22  Siege Tank  
  57  4:25  Raven  
  57  4:31  Marine x2, SCV  
  61  4:35  Barracks  
  62  4:38  SCV  
  62  4:44  SCV  
  62  4:48  Marine x2  
  62  4:51  SCV  
  62  4:52  Engineering Bay  
  65  4:54  Refinery  
  65  4:55  Barracks  
  65  4:56  Barracks, SCV  
  65  4:59  Siege Tank  
  67  5:05  SCV  
  70  5:08  Supply Depot  
  70  5:10  SCV  
  70  5:11  Supply Depot  
  69  5:16  Stimpack  
  69  5:17  Marine  
  69  5:18  SCV  
  70  5:23  Terran Infantry Weapons Level 1  
  70  5:28  Refinery  
  70  5:29  Supply Depot  
  70  5:30  SCV x2  
  70  5:33  Marine x2  
  70  5:34  Marine  
  75  5:42  SCV x2, Factory Tech Lab  
  77  5:43  Marine x3  
  77  5:44  Starport Reactor  
  80  5:50  Supply Depot  
  80  5:51  Marine x2, Supply Depot  
  80  5:52  Marine  
  80  5:56  Combat Shield  
  83  6:00  Supply Depot  
  83  6:01  Marine x3  
  83  6:02  Siege Tank  
  87  6:09  Marine x2  
  87  6:10  Marine  
  90  6:19  Marine x3  
  90  6:21  Medivac x2  
  90  6:23  Supply Depot  
  97  6:27  Marine  
  97  6:28  Marine  
  97  6:31  Marauder  
  101  6:34  Siege Tank  
  101  6:36  Marine  
  101  6:37  Marine, Marauder  
  108  6:44  Marine  
  108  6:46  Marine  
  109  6:53  Marauder  
  111  6:54  Marine x2  
  111  6:56  Medivac x2  
  111  6:59  Marauder  
  116  7:01  Supply Depot  
  116  7:02  Marine  
  116  7:03  Marine  
  117  7:12  Marine x2  
  117  7:13  Marine  
  117  7:14  Siege Tank  
  120  7:20  Marine x2  
  120  7:21  Marine  
  121  7:30  Marine x2, Medivac  
  121  7:31  Marine  
  125  7:37  Marine  
  125  7:38  Marine  
  125  7:39  Marine  
  104  7:48  Marine x2  
  104  7:49  Marine  
  102  7:55  Marine  
  102  7:56  Marine  
  102  7:57  Marine  
Show
View Real Time Build Order
Export as new Build Order

DnS Protoss 

Build Orders: 1 Gate Expand, Oracle Opening, Blink Stalkers, Zealot Archon 

Get SALT Encoding   

  12  0:00  Probe  
  13  0:12  Probe  
  14  0:17  Pylon  
  14  0:24  Probe (Chrono Boost)  
  15  0:37  Probe (Chrono Boost), Gateway  
  16  0:45  Probe (Chrono Boost), Assimilator  
  17  0:51  Probe  
  18  1:03  Probe  
  19  1:15  Probe  
  20  1:25  Cybernetics Core  
  20  1:33  Nexus  
  20  1:41  Pylon  
  20  1:45  Probe  
  21  1:53  Assimilator  
  21  1:58  Probe, Adept (Chrono Boost)  
  24  2:10  Probe  
  25  2:16  Stargate  
  25  2:22  Probe  
  26  2:23  Adept  
  28  2:32  Warp Gate  
  28  2:34  Probe  
  29  2:47  Probe x2 (Chrono Boost)  
  31  2:56  Probe x2 (Chrono Boost)  
  33  2:58  Oracle (Chrono Boost)  
  33  3:01  Probe x2 (Chrono Boost)  
  38  3:12  Probe  
  39  3:13  Probe  
  39  3:15  Pylon  
  40  3:20  Twilight Council  
  40  3:24  Probe  
  40  3:25  Probe  
  42  3:30  Gateway  
  42  3:33  Gateway  
  42  3:37  Probe x2  
  44  3:49  Probe x2  
  44  3:50  Blink (Chrono Boost)  
  46  4:01  Probe x2  
  47  4:13  Probe  
  47  4:14  Nexus  
  47  4:16  Pylon  
  49  4:25  Probe, Pylon, Stalker x2  
  49  4:30  Probe  
  54  4:32  Assimilator  
  54  4:35  Stalker  
  54  4:36  Assimilator  
  54  4:37  Probe  
  56  4:49  Probe  
  57  4:52  Probe  
  57  4:55  Stalker x2  
  61  5:01  Probe  
  61  5:05  Probe, Forge  
  63  5:08  Stalker  
  63  5:11  Pylon  
  63  5:13  Probe (Chrono Boost)  
  66  5:19  Probe (Chrono Boost)  
  67  5:25  Probe (Chrono Boost)  
  67  5:27  Stalker x2  
  73  5:33  Probe x3 (Chrono Boost)  
  75  5:39  Charge (Chrono Boost), Protoss Ground Weapons Level 1 (Chrono Boost)  
  75  5:40  Probe (Chrono Boost)  
  78  5:43  Probe (Chrono Boost)  
  78  5:44  Sentry  
  78  5:45  Probe (Chrono Boost)  
  81  5:51  Probe (Chrono Boost), Sentry x2  
  81  5:54  Gateway  
  81  5:55  Probe (Chrono Boost)  
  81  5:56  Probe x2 (Chrono Boost)  
  81  5:57  Pylon  
  87  6:04  Probe  
  89  6:07  Probe  
  89  6:08  Gateway x2  
  89  6:09  Sentry  
  89  6:10  Probe  
  93  6:17  Gateway  
  93  6:18  Gateway  
  93  6:20  Gateway  
  93  6:28  Sentry  
  93  6:29  Zealot  
  93  6:30  Gateway  
  93  6:31  Pylon  
  97  6:33  Robotics Facility  
  97  6:34  Pylon  
  97  6:44  Probe, Shield Battery  
  98  6:47  Shield Battery  
  98  6:51  Zealot x4  
  106  6:57  Probe  
  107  7:02  Pylon  
  107  7:03  Pylon x2  
  105  7:13  Zealot  
  105  7:14  Zealot x6  
  117  7:24  Zealot x2  
  121  7:34  Archon  
  118  7:37  Stalker x4  
  118  7:38  Stalker x3  
  102  7:50  Zealot x2  
  71  7:58  Stalker  
  71  7:59  Stalker  
  71  8:02  Zealot x7  
Tags
 
Add a new tag
Caveats
  • Supply blocks, unpowered buildings, or Contaminate may cause inaccurate times.
  • Supply counts are checked every 10 seconds.